 Dungeon Crawl Stone Soup version 0.21-a0-528-gf531e82 (webtiles) character file.

82 slep the Chopper (level 4, 0/23 HPs)
             Began as a Vine Stalker Gladiator on Dec 9, 2017.
             Slain by a rat (3 damage)
             ... on level 2 of the Dungeon.
             The game lasted 00:02:59 (594 turns).

slep the Chopper (Vine Stalker Gladiator)            Turns: 594, Time: 00:03:00

Health: 0/23       AC:  4    Str: 18    XL:     4   Next: 43%
Magic:  0/5        EV: 13    Int:  8    God:
Gold:   43         SH:  0    Dex: 15    Spells: 3/3 levels left

rFire    . . .     SeeInvis .   a - +0 war axe
rCold    . . .     Gourm    .   (no shield)
rNeg     . . .     Faith    .   b - +0 leather armour
rPois    .         Spirit   +   c - +0 helmet
rElec    .         Reflect  .   (no cloak)
rCorr    .         Harm     .   (no gloves)
MR       .....                  (no boots)
Stlth    +.........             (no amulet)
HPRegen  0.47/turn              h - ring of wizardry
MPRegen  0.09/turn              (no ring)

@: no status effects
A: fangs 2, regeneration 1, magic shield, antimagic bite, no potion heal 3, rot
immunity
a: no special abilities


You were on level 2 of the Dungeon.
You were not hungry.

You visited 1 branch of the dungeon, and saw 2 of its levels.

You collected 43 gold pieces.

Inventory:

Hand Weapons
 a - a +0 war axe (weapon)
Missiles
 d - 2 throwing nets
 l - 8 tomahawks (quivered)
Armour
 b - a +0 leather armour (worn)
 c - a +0 helmet (worn)
Jewellery
 h - a ring of wizardry (left hand)
Scrolls
 e - a scroll of enchant weapon {unknown}
 g - a scroll of fog {unknown}
 i - a scroll of remove curse {unknown}
 k - a scroll of teleportation {unknown}
Potions
 j - a potion of curing {unknown}
Comestibles
 f - 2 bread rations


   Skills:
 + Level 2.2 Fighting
 + Level 3.8 Axes
 + Level 1.9 Throwing
 + Level 0.5 Armour
 + Level 2.8 Dodging
 + Level 0.1 Stealth


You had 3 spell levels left.
You didn't know any spells.

Dungeon Overview and Level Annotations

Branches:
Dungeon (2/15)

Altars:


Innate Abilities, Weirdness & Mutations

You have extremely sharp teeth.
Your natural rate of healing is unusually fast.
When hurt, damage is shared between your health and your magic reserves.
Your bite disrupts and absorbs the magic of your enemies.
Potions cannot restore your health.
You are immune to rotting.


Message History

You hit Jessica. You bite Jessica.
Jessica's magic leaks into the air.
You drain her magic.
You feel invigorated.
Jessica is heavily wounded.
You closely miss the rat. Jessica hits you.
* * * LOW HITPOINT WARNING * * *
The rat barely misses you. Jessica hits you.
* * * LOW HITPOINT WARNING * * *
You hit Jessica.
Jessica is almost dead.
You barely miss the rat. Jessica hits you but does no damage.
The rat barely misses you. Jessica hits you.
* * * LOW HITPOINT WARNING * * *
Unknown command.
You slash Jessica!
You kill Jessica!
You have reached level 4!
You feel stronger.
You begin to heal more quickly.
You closely miss the rat. The rat barely misses you. The rat bites you.
You die...

#.. ### #.#
..)... ..#.#
##.#.# ....# #[r#
##.@####
#.#.#......# #
#.#.#......# #.
#.#.#......#
#.##+#...+......#
#........#......#
#........#......#
#.(......####†.##
.
#........#####.#


You could see a rat.

Vanquished Creatures
  Jessica (D:2)
  2 adders (D:2)
  A dart slug (D:1)
  A leopard gecko (D:2)
  5 bats
  3 giant cockroaches
  4 goblins (D:1)
  6 hobgoblins
  2 jackals (D:1)
  2 kobolds (D:1)
  4 frilled lizards
  3 rats
34 creatures vanquished.

Notes
Turn   | Place    | Note
-------+----------+-------------------------------------------
     0 | D:1      | slep the Vine Stalker Gladiator began the quest for the Orb.
     0 | D:1      | Reached XP level 1. HP: 11/11 MP: 2/2
    31 | D:1      | Reached skill level 3 in Axes
    58 | D:1      | Reached XP level 2. HP: 3/15 MP: 3/3
   316 | D:1      | Reached XP level 3. HP: 11/18 MP: 4/4
   585 | D:2      | Noticed Jessica
   594 | D:2      | Killed Jessica
   594 | D:2      | Gained mutation: Your natural rate of healing is unusually fast. [Vine Stalker growth]
   594 | D:2      | Reached XP level 4. HP: 3/23 MP: 0/5
   594 | D:2      | Slain by a rat

Vault maps used:
D:1:      dpeg_arrival_court, hangedman_decor_slide_cut
D:2:      lemuel_blue_sif_altar, first_bread, uniq_jessica

Skill      XL: |  1  2 |
---------------+-------+-----
Axes           | 3 |  3.8
Fighting       | 2 |  2.2
Throwing       | |  1.9
Armour         | |  0.5
Dodging        | |  2.8
Stealth        | |  0.1

Action                   |  1- 3 |  4- 6 || total
-------------------------+-------+-------++-------
Melee: War axe           |    79 |       ||    79
       Bite              |    13 |       ||    13
Throw: Tomahawk          |     2 |       ||     2
       Throwing net      |     1 |       ||     1
Armor: Leather armour    |    24 |       ||    24
Dodge: Dodged            |    74 |     1 ||    75

Table legend:
 A = Spawn XP
 B = Non-spawn XP
 C = Spawn XP percentage of total XP
 D = Spawn monster count
 E = Non-spawn monster count
 F = Spawn count percentage of total count
 G = Total turns spent on level
                    A         B        C        D         E        F      G
               +---------+---------+-------+---------+---------+-------+---------
         Total |       0 |     118 |   0.0 |       0 |      34 |   0.0 |   594
               +---------+---------+-------+---------+---------+-------+---------
           D:1 |       0 |      37 |   0.0 |       0 |      21 |   0.0 |   501
           D:2 |       0 |      81 |   0.0 |       0 |      13 |   0.0 |    93
               +---------+---------+-------+---------+---------+-------+---------
